 Dungeon Crawl Stone Soup version 0.29.1-15-g9cfb28693d (webtiles) character file.

Game seed: 12340170149253915190

315 EarthwalkerPL the Shield-Bearer (level 6, -3/49 HPs)
             Began as a Formicid Fighter on Mar 15, 2023.
             Slain by a gnoll sergeant
             ... wielding a +3 vorpal trident
              (11 damage)
             ... on level 5 of the Dungeon.
             The game lasted 00:06:43 (4305 turns).

EarthwalkerPL the Shield-Bearer (Formicid Fighter)  Turns: 4305, Time: 00:06:44

Health: -3/49      AC:  8    Str: 29    XL:     6   Next: 72%
Magic:  6/6        EV: 13    Int:  7    God:
Gold:   216        SH:  5    Dex: 13    Spells: 5/5 levels left

rFire   . . .      SeeInvis +   a - +0 war axe
rCold   . . .      Faith    .   c - +0 buckler
rNeg    . . .      Spirit   .   b - +0 scale mail
rPois   .          Reflect  .   (helmet unavailable)
rElec   .          Harm     .   x - +0 cloak
rCorr   .          Rampage  .   (no gloves)
Will    .....                   (no boots)
Stlth   ..........              (no amulet)
HPRegen 0.16/turn               r - +4 ring of evasion
MPRegen 0.10/turn               s - +6 ring of strength

@: no status effects
A: permanent stasis, dig shafts and tunnels, antennae 3, four strong arms
a: Dig, Shaft Self


You were on level 5 of the Dungeon.
You visited 1 branch of the dungeon, and saw 5 of its levels.

You collected 216 gold pieces.

Inventory:

Hand Weapons
 a - a +0 war axe (weapon)
Missiles
 m - 6 javelins (quivered)
 o - 12 poisoned darts
 y - 2 throwing nets
Armour
 b - a +0 scale mail (worn)
 c - a +0 buckler (worn)
 x - a +0 cloak (worn)
Jewellery
 r - a +4 ring of evasion (left hand)
 s - a +6 ring of strength (right hand)
 t - a ring of willpower
Wands
 n - a wand of flame (4)
 z - a wand of roots (11)
Scrolls
 e - 2 scrolls of fear {unknown}
 f - 3 scrolls of identify {unknown}
 j - 2 scrolls of noise {unknown}
 l - 3 scrolls of teleportation {unknown}
 p - a scroll of summoning {unknown}
 v - a scroll of butterflies {unknown}
Potions
 d - a potion of might
 g - 2 potions of curing {unknown}
 h - a potion of heal wounds {unknown}
 i - a potion of flight {unknown}
 k - 2 potions of attraction {unknown}
 q - a potion of degeneration {unknown}
 u - a potion of mutation {unknown}
 w - a potion of haste {unknown}


   Skills:
 + Level 4.5 Fighting
 * Level 4.4 Axes
 + Level 4.4 Armour
 + Level 5.4 Shields


You had 5 spell levels left.
You didn't know any spells.
Your spell library contained the following spells:

 Spells                   Type           Power      Damage    Failure   Level
 Ensorcelled Hibernation  Hex/Ice        0%         N/A       86%         2
 Passwall                 Tmut/Erth      0%         N/A       86%         2
 Swiftness                Air            Unusable   N/A       N/A         3

Dungeon Overview and Level Annotations

Branches:
Dungeon (5/15)
 Temple: D:4-7

Altars:
Fedhas
Hepliaklqana
Qazlal


Innate Abilities, Weirdness & Mutations

You cannot be hasted, slowed, berserked, paralysed or teleported.
You can dig through walls and to a lower floor.
You have a pair of large antennae on your head. (SInv)
Your four strong arms can wield two-handed weapons with a shield.


Message History

The adder is severely wounded.
You block the adder's attack.
You slash the adder!
You kill the adder!
No target in view!
A hound comes into view.
The hound barks!
A jackal comes into view.
An orc comes into view. It is wielding a +0 dagger.
A jackal comes into view.
You hit the hound.
The hound is moderately wounded.
The hound bites you but does no damage. You block the hound's attack.
You hit the hound.
The hound is heavily wounded.
The hound closely misses you. The hound bites you but does no damage.
You slash the hound!
You kill the hound!
No target in view!
A gnoll sergeant comes into view. It is wielding a +3 vorpal trident.
The gnoll sergeant shouts!
You hear an angry hiss.
You hear a bark!
You barely miss the gnoll sergeant. You block the gnoll sergeant's attack.
The gnoll sergeant barely misses you. The gnoll sergeant blocks your attack.
The gnoll sergeant misses you. The gnoll sergeant blocks your attack.
The gnoll sergeant hits you with a +3 vorpal trident!
The gnoll sergeant blocks your attack.
The gnoll sergeant hits you with a +3 vorpal trident!
You are too injured to fight recklessly!
You are too injured to fight recklessly!
The gnoll sergeant blocks your attack. You block the gnoll sergeant's attack.
The gnoll sergeant hits you with a +3 vorpal trident!
* * * LOW HITPOINT WARNING * * *
x2 The gnoll sergeant blocks your attack.
The gnoll sergeant hits you with a +3 vorpal trident.
* * * LOW HITPOINT WARNING * * *
x2 The gnoll sergeant blocks your attack.
The gnoll sergeant closely misses you.
You hit the gnoll sergeant but do no damage.
The gnoll sergeant hits you with a +3 vorpal trident!
You die...

#.# #.#.# #.##.######### #.#
#.#.# #.##..# #.### #.#.#
#.###.# { #.#.####.#.# #.#
#.# #........#..
############### #.#.######
#..# {........ #.#.#
#..####..{..... #.#.#
####.#g#......... #.#.#
##..@#.#........hh ..#.#
#..##g#.#........o ###.#
#.##..####.g...... #.#
######.##..# .........
#.####.......###############
#......####### #.#.# #
######## #.#.# ###### #.#.#
.....## #...#


You could see a gnoll sergeant.

Vanquished Creatures
  A scorpion (D:5)
  A hound (D:5)
  Crazy Yiuf (D:4)
  An iguana (D:4)
  Robin (D:1)
  6 gnolls
  2 adders
  A white imp (D:4)
  A worm (D:3)
  A dart slug (D:1)
  4 bats
  4 endoplasms
  3 giant cockroaches
  18 goblins
  6 hobgoblins
  2 jackals (D:3)
  5 kobolds
  9 quokkas
  3 ball pythons (D:1)
  2 frilled lizards (D:1)
  2 rats
74 creatures vanquished.

Vanquished Creatures (others)
  2 fungi (D:4)
2 creatures vanquished.

Grand Total: 76 creatures vanquished

Notes
Turn   | Place    | Note
-------+----------+-------------------------------------------
     0 | D:1      | EarthwalkerPL the Formicid Fighter began the quest for the
                  | Orb.
     0 | D:1      | Reached XP level 1. HP: 18/18 MP: 1/1
     6 | D:1      | Found a faded altar of an unknown god.
   265 | D:1      | Reached XP level 2. HP: 15/24 MP: 2/2
   798 | D:1      | Reached XP level 3. HP: 29/29 MP: 3/3
   957 | D:2      | Noticed Robin
  1567 | D:1      | Killed Robin
  1623 | D:2      | Reached XP level 4. HP: 37/37 MP: 4/4
  2145 | D:3      | Found a blossoming altar of Fedhas.
  2258 | D:3      | Reached XP level 5. HP: 37/42 MP: 5/5
  2831 | D:4      | Found a stormy altar of Qazlal.
  3268 | D:4      | Found a hazy altar of Hepliaklqana.
  3445 | D:4      | Identified the +1 hammer of the Ancients {flame, rF+ rC-
                  | Dex+4}
  3528 | D:4      | Reached skill level 5 in Shields
  3700 | D:4      | Found a runed translucent door.
  3701 | D:4      | Noticed Crazy Yiuf
  3706 | D:4      | Killed Crazy Yiuf
  3841 | D:5      | Entered Level 5 of the Dungeon
  4024 | D:5      | Reached XP level 6. HP: 49/49 MP: 6/6
  4305 | D:5      | Slain by a gnoll sergeant

Illustrated notes

Levels and vault maps discovered:
D:1:      dpeg_arrival_connections, layout_rooms,
          hellmonk_ecumenical_altar_pennies_from_heaven,
          wad_floor_pattern_untrapped, minmay_tetromino_i2
D:2:      layout_rooms, uniq_robin
D:3:      layout_loops_ring, mainiacjoe_overflow_alcove_2, serial_park_tiny_1,
          chequers_serial_rivers_marsh
D:4:      layout_loops_ring, mainiacjoe_overflow_concentric_impassable,
          nicolae_overflow_crystal_walls, uniq_crazy_yiuf_cottage
D:5:      layout_loops_ring, minmay_temple_entry_glassed_door,
          wad_rectangle_vault

Skill      XL: |  1  2  3  4  5 |
---------------+----------------+-----
Axes           | 3 4 |  4.4
Fighting       | 4 |  4.5
Armour         | 4 |  4.4
Shields        | 5 |  5.4

Action                   |  1- 3 |  4- 6 || total
-------------------------+-------+-------++-------
Melee: War axe           |    74 |   140 ||   214
Armor: Scale mail        |    41 |    41 ||    82
Dodge: Dodged            |    41 |    70 ||   111
Block: Buckler           |    33 |    37 ||    70
